 Dungeon Crawl Stone Soup version 0.24-a0-263-gbee43f9 (webtiles) character file.

Game seed: 8135017363095246968

72 Gunnerkreig the Sneak (level 4, 0/28 HPs)
             Began as an Octopode Wizard on Apr 19, 2019.
             Slain by a hobgoblin
             ... wielding a +0 club
             ... led by Robin
              (12 damage)
             ... on level 2 of the Dungeon.
             The game lasted 00:07:15 (2025 turns).

Gunnerkreig the Sneak (Octopode Wizard)             Turns: 2025, Time: 00:07:16

Health: 0/28       AC:  1    Str:  6    XL:     4   Next: 25%
Magic:  0/8        EV: 13    Int: 21    God:
Gold:   97         SH:  0    Dex: 10    Spells: 0/9 levels left

rFire    . . .     SeeInvis .   d - +0 dagger
rCold    . . .     Gourm    .   (no shield)
rNeg     . . .     Faith    .   a - +0 hat
rPois    .         Spirit   .   (no amulet)
rElec    .         Reflect  .   b - ring of flight
rCorr    .         Harm     .   (no ring)
MR       .....                  (no ring)
Stlth    +++.......             (no ring)
HPRegen  0.09/turn              (no ring)
MPRegen  0.11/turn              (no ring)
                                (no ring)
                                (no ring)

@: very slightly contaminated
A: almost no armour, stealthy swim, amphibious, 8 rings, constrict 8, camouflage
1, gelatinous body 1
a: Evoke Flight


You were on level 2 of the Dungeon.
You were not hungry.

You visited 1 branch of the dungeon, and saw 2 of its levels.

You collected 97 gold pieces.

Inventory:

Hand Weapons
 d - a +0 dagger (weapon)
 m - a +0 hunting sling
 o - a cursed -2 dagger
Missiles
 g - 61 stones (quivered)
Armour
 a - a +0 hat (worn)
 k - a +0 buckler
Jewellery
 b - a ring of flight (left tentacle)
Scrolls
 e - a scroll of enchant armour {unknown}
 f - a scroll of enchant weapon {unknown}
 i - a scroll of remove curse {unknown}
Potions
 h - a potion of resistance {unknown}
 l - 2 potions of flight {unknown}
 n - a potion of degeneration {unknown}
Comestibles
 c - 4 rations
 j - 3 chunks of flesh


   Skills:
 + Level 1.6 Fighting
 - Level 2.0 Dodging
 + Level 3.8 Stealth
 + Level 3.0 Spellcasting
 * Level 2.8 Conjurations
 - Level 1.0 Summonings
   Level 1.0 Translocations


You couldn't memorise any spells.
You knew the following spells:

 Your Spells              Type           Power        Failure   Level  Hunger
a - Magic Dart            Conj           ##..         4%          1    None
b - Conjure Flame         Conj/Fire      #.......     22%         3    ###....
c - Mephitic Cloud        Conj/Pois/Air  #.......     26%         3    ###....
w - Call Imp              Summ           #.......     13%         2    ##.....

Your spell library contained the following spells:

 Spells                   Type           Power        Failure   Level  Hunger
 Blink                    Tloc           N/A          13%         2    ##.....
 Slow                     Hex            #.......     21%         2    ##.....


Dungeon Overview and Level Annotations

Branches:
Dungeon (2/15)

Altars:


Innate Abilities, Weirdness & Mutations

You cannot wear most types of armour.
You are very stealthy in the water. (Stealth+)
You are amphibious.
You can wear up to eight rings at the same time.
You can use your tentacles to constrict eight enemies at once.
Your skin changes colour to match your surroundings (Stealth+).
Your rubbery body absorbs attacks. (AC +1, EV +1)


Message History

Robin misses you.
Casting: Magic Dart (safe; 4% risk of failure)
Confirm with . or Enter, or press ? or * to list all spells.
Aiming: Magic Dart (safe; 4% risk of failure)
Press: ? - help, Shift-Dir - straight line, f/p - Robin
Aim: Robin, wielding a +0 club, wearing a +0 animal skin and wearing a +0 helmet (almost dead, constricted by you, fast)
You miscast Magic Dart.
You are very lightly contaminated with residual magic.
Nothing appears to happen.
You constrict Robin.
You kill Robin!
You hit the hobgoblin but do no damage. You grab the hobgoblin.
You squeeze the hobgoblin.
The hobgoblin is severely wounded.
You constrict the hobgoblin. The hobgoblin hits you with a +0 club.
You hit the hobgoblin but do no damage.
You squeeze the hobgoblin, but do no damage.
The hobgoblin is almost dead.
You constrict the hobgoblin, but do no damage.
The hobgoblin hits you with a +0 club!
You die...

#.####....................##
#...................##...##
..............####.#######
..#...........# #.#
#.............# #.#
##...........#####.#
.......#...........#
#.....##.....####..#
....#..##..gg.gg@..#
##..##........####.#
#...####.....## #.#
#.#...)......## #.#
....#..##.....# #.#
....##.##.###.# #.#
#......)###.## #.#
#.##.##..##..# #.#
..#...#...##.###.#


You could see 2 hobgoblins and 2 goblins.

Vanquished Creatures
  Robin (D:2)
  An ooze (D:1)
  2 worms (D:2)
  5 bats
  A giant cockroach (D:1)
  12 goblins
  7 hobgoblins
  4 frilled lizards
  7 kobolds
  7 rats
47 creatures vanquished.

Notes
Turn   | Place    | Note
-------+----------+-------------------------------------------
     0 | D:1      | Gunnerkreig the Octopode Wizard began the quest for the
                  | Orb.
     0 | D:1      | Reached XP level 1. HP: 11/11 MP: 4/4
    23 | D:1      | Upgraded the game from 0.24-a0-254-gf493760 to
                  | 0.24-a0-263-gbee43f9
   112 | D:1      | Reached XP level 2. HP: 18/18 MP: 0/6
   233 | D:1      | Learned a level 2 spell: Call Imp
   598 | D:1      | Reached skill level 1 in Fighting
   881 | D:1      | Reached XP level 3. HP: 23/23 MP: 4/7
  1263 | D:2      | Noticed Robin
  1770 | D:1      | Learned a level 3 spell: Mephitic Cloud
  1792 | D:2      | Reached XP level 4. HP: 17/28 MP: 1/8
  1917 | D:2      | Learned a level 3 spell: Conjure Flame
  2023 | D:2      | Killed Robin
  2025 | D:2      | Slain by a hobgoblin

Levels and vault maps discovered:
D:1:      dpeg_arrival_simpleton_b, layout_basic
D:2:      layout_rooms, lemuel_doored_altar, chequers_ecumenical_altar_grove,
          hangedman_decor_clover_reticule, uniq_robin

Skill      XL: |  1  2 |
---------------+-------+-----
Stealth        | 3 |  3.8
Conjurations   | 2 |  2.8
Fighting       | 1 |  1.6
Dodging        | |  2.0
Spellcasting   | |  3.0
Summonings     | |  1.0
Translocations | |  1.0

Action                   |  1- 3 |  4- 6 || total
-------------------------+-------+-------++-------
Melee: Constrict         |     5 |     3 ||     8
       Tentacles         |     4 |     2 ||     6
       Unarmed           |     1 |       ||     1
       Dagger            |    16 |     5 ||    21
 Cast: Magic Dart        |    81 |    12 ||    93
 Stab: Sleeping          |     4 |       ||     4
  Eat: Chunk             |     2 |     1 ||     3
Armor: Skin              |     1 |       ||     1
Dodge: Dodged            |    10 |     4 ||    14

Table legend:
 A = Non-vault XP
 B = Vault XP
 C = Vault XP percentage of total XP
 D = Non-vault monster count
 E = Vault monster count
 F = Vault count percentage of total count
                 A         B        C        D         E       F
            +---------+---------+-------+---------+---------+-------
      Total |      74 |      29 |  28.2 |      39 |       8 |  17.0
            +---------+---------+-------+---------+---------+-------
        D:1 |      49 |       0 |   0.0 |      27 |       0 |   0.0
        D:2 |      25 |      29 |  53.7 |      12 |       8 |  40.0
            +---------+---------+-------+---------+---------+-------
